 Dungeon Crawl Stone Soup version 0.20.1-1-g8b1a95d (webtiles) character file.

77 Internecine the Vexing (level 4, 0/33 HPs)
             Began as a Merfolk Arcane Marksman on Oct 1, 2017.
             Slain by Grinder (6 damage)
             ... while paralysed by Grinder
             ... on level 3 of the Dungeon.
             The game lasted 00:10:16 (1796 turns).

Internecine the Vexing (Merfolk Arcane Marksman)    Turns: 1796, Time: 00:10:17

Health: 0/33       AC:  3    Str: 10    XL:     4   Next: 33%
Magic:  5/5        EV:  2    Int: 12    God:
Gold:   119        SH:  0    Dex: 15    Spells: 4/5 levels left

rFire    . . .     SeeInvis .   r - -2 short sword (curse)
rCold    . . .     Gourm    .   (no shield)
rNeg     . . .     Faith    .   h - +0 leather armour (curse)
rPois    .         Spirit   .   (no helmet)
rElec    .         Reflect  .   (no cloak)
rCorr    .         Harm     .   (no gloves)
MR       .....                  (no boots)
Stlth    +.........             o - amulet of magic regeneration
Regen    0.2/turn               (no ring)
MPRegen  0.2/turn               (no ring)

@: paralysed
A: change form in water, swift swim, stealthy swim
a: no special abilities


You were on level 3 of the Dungeon.
You were not hungry.

You visited 1 branch of the dungeon, and saw 3 of its levels.

You collected 119 gold pieces.

Inventory:

Hand Weapons
 a - a +1 hand crossbow
 i - a +0 dagger of speed
 r - a cursed -2 short sword (weapon)
Missiles
 d - 24 bolts
 j - 106 stones (quivered)
Armour
 e - a +0 robe
 h - a cursed +0 leather armour (worn)
Jewellery
 o - an amulet of magic regeneration (around neck)
Potions
 b - 2 potions of brilliance {unknown}
 k - a potion of might {unknown}
 n - a potion of heal wounds {unknown}
Books
 c - a book of Debilitation

   Spells                             Type                      Level
   a - Corona                         Hexes                        1
   b - Slow                           Hexes                        2
   c - Inner Flame                    Hexes/Fire                   3
   d - Portal Projectile              Hexes/Translocation          3
   e - Cause Fear                     Hexes                        4
   f - Leda's Liquefaction            Hexes/Earth                  4
Comestibles
 f - 2 bread rations
 g - 5 fruits
 q - a meat ration


   Skills:
 + Level 1.7 Fighting
 + Level 2.9 Crossbows
 + Level 0.3 Armour
 + Level 2.9 Dodging
 + Level 0.5 Stealth
 + Level 1.0 Spellcasting
 + Level 3.4 Hexes


You had 4 spell levels left.
You knew the following spells:

 Your Spells              Type           Power        Failure   Level  Hunger
a - Corona                Hex            #......      10%         1    ##.....


Dungeon Overview and Level Annotations

Branches:
Dungeon (3/15)

Altars:
Fedhas

Annotations:
D:3 Grinder


Message History

Aim: Grinder (lightly wounded)
You throw a stone.
The stone hits Grinder but does no damage.
Grinder is lightly wounded.
Grinder gestures at you. Pain shoots through your body!
Grinder says, "Mostly I couldn't keep them alive."
Grinder grins, showing sharp teeth.
Grinder barely misses you.
You hit Grinder but do no damage. Grinder hits you!
* * * LOW HITPOINT WARNING * * *
You closely miss Grinder. Grinder hits you but does no damage.
You hit Grinder.
Grinder is lightly wounded.
Grinder gestures at you.
You suddenly lose the ability to move!
Grinder hits you.
* * * LOW HITPOINT WARNING * * *
You writhe in agony.
You die...

### # #.. ..
..# .. ##.##.#
..!. #.####.#
#....<.#####.#
#.####@......#
#.5...####
...(...#
#.....(..#
#......(.#
#.#.#...$.#
.....#.#####
##.###.


You could see Grinder.

Vanquished Creatures
  2 adders (D:2)
  A gnoll (D:1)
  2 worms (D:2)
  2 dart slugs (D:1)
  2 ball pythons (D:1)
  4 bats (D:1)
  3 giant cockroaches
  4 goblins
  3 hobgoblins
  A quokka (D:2)
  A frilled lizard (D:1)
  8 kobolds
  4 rats
37 creatures vanquished.

Notes
Turn   | Place    | Note
-------+----------+-------------------------------------------
     0 | D:1      | Internecine the Merfolk Arcane Marksman began the quest for the Orb.
     0 | D:1      | Reached XP level 1. HP: 15/15 MP: 2/2
   178 | D:1      | Reached XP level 2. HP: 17/21 MP: 3/3
   374 | D:1      | You fall through a shaft!
   410 | D:2      | Found a blossoming altar of Fedhas.
   435 | D:2      | Reached XP level 3. HP: 20/26 MP: 4/4
  1237 | D:1      | Reached XP level 4. HP: 32/32 MP: 5/5
  1787 | D:3      | Noticed Grinder
  1795 | D:3      | Paralysed by Grinder for 4 turns
  1796 | D:3      | Slain by Grinder

Skill      XL: |  1  2 |
---------------+-------+-----
Crossbows      | 2 |  2.9
Fighting       | |  1.7
Armour         | |  0.3
Dodging        | |  2.9
Stealth        | |  0.5
Spellcasting   | |  1.0
Hexes          | |  3.4

Action                   |  1- 3 |  4- 6 || total
-------------------------+-------+-------++-------
Melee: Short sword       |       |    22 ||    22
 Fire: Hand crossbow     |    56 |    30 ||    86
Throw: Stone             |       |     3 ||     3
  Use: Scroll            |       |     2 ||     2
  Eat: Chunk             |     1 |     2 ||     3
Armor: Leather armour    |     8 |    14 ||    22
       Robe              |     1 |       ||     1
Dodge: Dodged            |    33 |    27 ||    60
